 Dungeon Crawl Stone Soup version 0.29-a0-359-g541a27f54d (webtiles) character file.

Game seed: 7756701366196084179

21 Colgate the Sneak (level 3, 21/21 HPs)
             Began as a Kobold Brigand on Apr 28, 2022.
             Got out of the dungeon alive.
             The game lasted 00:01:35 (1204 turns).

Colgate the Sneak (Kobold Brigand)                  Turns: 1204, Time: 00:01:35

Health: 21/21      AC:  3    Str:  8    XL:     3   Next: 2%
Magic:  3/3        EV: 14    Int: 14    God:
Gold:   27         SH:  0    Dex: 16    Spells: 2/2 levels left

rFire   . . .      SeeInvis .   a - +2 dagger
rCold   . . .      Faith    .   (no shield)
rNeg    . . .      Spirit   .   b - +0 robe
rPois   .          Reflect  .   (no helmet)
rElec   .          Harm     .   c - +0 cloak
rCorr   .          Rampage  .   (no gloves)
Will    .....                   (no boots)
Stlth   ++++......              (no amulet)
HPRegen 0.07/turn               (no ring)
MPRegen 0.08/turn               (no ring)

@: no status effects
A: small, no large weapons, nightstalker 3
a: no special abilities


You escaped.
You visited 1 branch of the dungeon, and saw 1 of its levels.

You collected 27 gold pieces.

Inventory:

Hand Weapons
 a - a +2 dagger (weapon)
Missiles
 d - 9 poisoned darts (quivered)
 e - 3 curare-tipped darts
Armour
 b - a +0 robe (worn)
 c - a +0 cloak (worn)
Jewellery
 f - a ring of wizardry
Scrolls
 g - 2 scrolls of noise {unknown}
 h - a scroll of holy word {unknown}


   Skills:
 - Level 2.1 Fighting
 + Level 4.4 Short Blades
 - Level 2.1 Throwing
 - Level 1.2 Dodging
 - Level 5.3 Stealth


You had 2 spell levels left.
You didn't know any spells.
Your spell library contained the following spells:

 Spells                   Type           Power      Damage    Failure   Level
 Sandblast                Erth           0%         2d4       28%         1
 Passwall                 Tmut/Erth      0%         N/A       41%         2
 Stone Arrow              Conj/Erth      0%         3d7       65%         3


Dungeon Overview and Level Annotations

Branches:
Dungeon (1/15)

Altars:


Innate Abilities, Weirdness & Mutations

You are small and have problems with some larger weapons.
You are completely attuned to the shadows.


Message History

You have reached level 3!
Your experience leads to an increase in your attributes!
Increase (S)trength, (I)ntelligence, or (D)exterity?
You feel clever. x2
No target in view!
h - a scroll labelled ESIUNO RARUACK No target in view!
There is an open door here.
You see here a +0 hand axe.
No target in view!
Partly explored, unopened door.
No target in view!
Partly explored, unopened door.
No target in view!
Partly explored, unopened door.
No target in view!
Partly explored, unopened door.
No target in view!
Partly explored, unopened door.
No target in view!
Partly explored, unopened door.
You open the door.
A frilled lizard comes into view.
There is an open door here.
A frilled lizard is nearby!
The helpless frilled lizard fails to defend itself.
You perforate the frilled lizard like a sieve!!!
You kill the frilled lizard!
There is an open door here.
Unknown command.
(D) Dungeon
Where to? (? - help)
What level of the Dungeon? (default 1, ? - help)
You enter the shallow water.
Moving in this stuff is going to be slow.
There is a transporter here.
You enter the transporter and appear at another place.
There is a staircase leading out of the dungeon here.
Are you sure you want to leave the Dungeon?
This will make you lose the game!
You have escaped!

##.#
#≈≈≈≈≈≈.≈≈≈≈###.....
#.# #≈≈≈≈≈...≈≈≈#
##...# ##.#
#≈≈≈≈≈.©>©.≈≈# ##'##
#..# #≈≈≈≈≈≈.♣.≈≈≈#
#.# #.##
##≈≈≈≈≈≈≈≈≈≈≈≈#####.#
#.#
#≈≈≈≈≈≈≈≈≈≈≈≈≈...##.##
#.#
#≈≈≈≈≈≈≈≈≈≈≈≈.##.#...#
######.#
#≈≈≈.♣.≈≈≈≈≈≈.........
.......#
#≈≈.©@©.≈≈≈≈≈.##.#...#
########
#≈≈≈...≈≈≈≈≈).##.##.##
#≈≈≈≈.≈≈≈≈≈≈#.##.##.#
#≈≈≈.≈≈≈≈≈≈≈#.##.##.#
#≈≈≈≈.≈≈≈≈≈......##.#
##≈≈≈≈.≈≈≈..#######.#
#####.....## #.#
####### #.# ######.##


There were no monsters in sight!

Vanquished Creatures
  4 ball pythons (D:1)
  2 endoplasms (D:1)
  A giant cockroach (D:1)
  A goblin (D:1)
  4 hobgoblins (D:1)
  A kobold (D:1)
  2 bats (D:1)
  2 frilled lizards (D:1)
17 creatures vanquished.

Notes
Turn   | Place    | Note
-------+----------+-------------------------------------------
     0 | D:1      | Colgate the Kobold Brigand began the quest for the Orb.
     0 | D:1      | Reached XP level 1. HP: 12/12 MP: 1/1
     1 | D:1      | Found a transporter.
   193 | D:1      | Reached XP level 2. HP: 17/17 MP: 2/2
  1040 | D:1      | Reached XP level 3. HP: 21/21 MP: 3/3
  1204 | D:$      | Got out of the dungeon alive.

Illustrated notes

Levels and vault maps discovered:
D:1:      spicycebolla_arrival_teleporter_tutorial, layout_loops_corners

Skill      XL: |  1  2 |
---------------+-------+-----
Short Blades   | 3 4 |  4.4
Fighting       | |  2.1
Throwing       | |  2.1
Dodging        | |  1.2
Stealth        | |  5.3

Action                   || total
-------------------------++-------
Melee: Dagger            ||    26
 Stab: Sleeping          ||    13
Armor: Robe              ||     1
Dodge: Dodged            ||    10

Table legend: (Time is in decaauts)
 A = Elapsed time spent in this place.
 B = Non-inter-level travel time spent in this place.
 C = Inter-level travel time spent in this place.
 D = Time resting spent in this place.
 E = Time spent auto-exploring this place.
 F = Levels seen in this place.
 G = Mean time per level.
                   A        B        C        D        E       F      G
               +--------+--------+--------+--------+--------+-----+--------+
         Total |   1203 |   1163 |     40 |      0 |   1061 |   1 | 1203.0 |
       Dungeon |   1203 |   1163 |     40 |      0 |   1061 |   1 | 1203.0 |
               +--------+--------+--------+--------+--------+-----+--------+

Top non-repeatable levels by time:
     D:1: 1203 daAuts
